 Dungeon Crawl Stone Soup version 0.30-b1-2-g02819fbbbe (webtiles) character file.

Game seed: 11650096639860008825

241 risv the Trooper (level 5, -2/48 HPs)
             Began as a Minotaur Fighter on Aug 13, 2023.
             Slain by Natasha (6 damage)
             ... on level 2 of the Dungeon on Aug 14, 2023.
             The game lasted 00:31:59 (2349 turns).

risv the Trooper (Minotaur Fighter)                 Turns: 2349, Time: 00:31:59

Health: -2/48      AC:  6    Str: 26    XL:     5   Next: 80%
Magic:  4/4        EV: 10    Int:  5    God:
Gold:   228        SH:  9    Dex:  6    Spells: 4/4 levels left

rFire   . . .        r - +0 broad axe
rCold   . . .        c - +0 buckler
rNeg    . . .        t - +2 leather armour "Wiseppol" {Str+3 Dex-3}
rPois   .            (helmet restricted)
rElec   .            (no cloak)
rCorr   .            (no gloves)
SInv    .            e - +0 pair of boots
Will    .....        m - amulet of reflection
Stlth   +            (no ring)
HPRegen 0.28/turn    (no ring)
MPRegen 0.09/turn

%: reflection
@: no status effects
A: horns 2, retaliatory headbutt
a: no special abilities


You were on level 2 of the Dungeon.
You visited 1 branch of the dungeon, and saw 3 of its levels.

You collected 228 gold pieces.

Inventory:

Hand Weapons
 a - a +0 war axe
 f - a +0 sling
 g - a +0 morningstar
 r - a +0 broad axe (weapon)
Missiles
 l - 6 boomerangs (quivered)
Armour
 b - a +0 scale mail
 c - a +0 buckler (worn)
 e - a +0 pair of boots (worn)
 t - the +2 leather armour "Wiseppol" (worn) {Str+3 Dex-3}
   (You found it on level 2 of the Dungeon)

   Str:       It affects your strength (+3).
   Dex:       It affects your dexterity (-3).
Jewellery
 m - an amulet of reflection (around neck)
Scrolls
 h - a scroll of vulnerability {unknown}
 i - a scroll of identify {unknown}
 o - 2 scrolls of teleportation {unknown}
 p - a scroll of torment {unknown}
 q - a scroll of fog {unknown}
 w - a scroll of blinking {unknown}
Potions
 d - a potion of might
 j - a potion of haste {unknown}
 k - a potion of lignification {unknown}
 n - a potion of degeneration {unknown}
 s - a potion of ambrosia {unknown}
 u - a potion of curing {unknown}
 v - a potion of magic {unknown}


   Skills:
 + Level 5.0 Fighting
 + Level 4.2 Axes
 + Level 5.0 Armour
 + Level 5.0 Shields


You had 4 spell levels left.
You didn't know any spells.
Your spell library contained the following spells:

 Spells                   Type           Power      Damage    Failure   Level
 Shock                    Conj/Air       0%         1d3       56%         1
 Swiftness                Air            0%         N/A       91%         3
 Airstrike                Air            0%         2d(0-16)  100%        4


Dungeon Overview and Level Annotations

Branches:
Dungeon (3/15)

Altars:
Makhleb

Shops:
D:1 (=[

Annotations:
D:2 Natasha


Innate Abilities, Weirdness & Mutations

You have a pair of horns on your head.
You reflexively headbutt those who attack you in melee.


Message History

Natasha, Servant of Life and Death comes into view.
She is carrying a wand of flame (12).
Natasha hisses angrily.
Natasha mumbles some strange words.
Natasha mumbles some strange words.
The cerulean imp hits you from afar with a +2 spear.
The cerulean imp hits you with a +2 spear.
Natasha closely misses you. The cerulean imp barely misses you.
Natasha claws you! You block the cerulean imp's attack.
You miss the cerulean imp. Your headbutt misses the cerulean imp.
You miss Natasha. You hit the cerulean imp.
The cerulean imp hits you with a +2 spear.
You block Natasha's attack.
The cerulean imp hits you but does no damage.
The cerulean imp hits you with a +2 spear.
Natasha casts a spell at you. The magic dart hits you.
The cerulean imp hits you with a +1 spear.
You closely miss Natasha. You barely miss the cerulean imp.
You miss the cerulean imp.
The cerulean imp hits you with a +2 spear.
Natasha zaps a wand.
The puff of flame hits you! The cerulean imp barely misses you.
You furiously retaliate!
You headbutt the cerulean imp!
You kill the cerulean imp!
The cerulean imp disappears in a puff of smoke!
You miss the cerulean imp. You headbutt the cerulean imp.
The cerulean imp is moderately wounded.
You hit Natasha but do no damage.
The cerulean imp hits you with a +2 spear.
Natasha zaps a wand.
The puff of flame hits you!
* * * LOW HITPOINT WARNING * * *
You block the cerulean imp's attack.
Natasha zaps a wand.
The puff of flame hits you!
* * * LOW HITPOINT WARNING * * *
You slash the cerulean imp!
You kill the cerulean imp!
The cerulean imp disappears in a puff of smoke!
You barely miss Natasha. Natasha claws you.
You die...

..# #...# #.###...#...#
..# #...# #.#..##...#.###
## ..# #...#
#.#....##.....#..# ..#
#...# #.#.##...##....#.#
..#
#...####.#..............#
..#
#.)÷.....#...##....#.#...#
.##
#....####.......#..#.....#
.#
###........§........#.#..#
.# #.####.#.§@h...#..#..
.# #######.#
#.......#...#.. #
........#
#...........#.#...
######### ##..........#..#
####..........#
#######..## #... ####


You could see Natasha.

Vanquished Creatures
  A phantom (D:2)
  Terence (D:2)
  Natasha (twice) (D:2)
  3 adders (D:2)
  A worm (D:2)
  A dart slug (D:1)
  An orc (D:2)
  8 bats
  6 endoplasms
  2 giant cockroaches (D:2)
  4 goblins (D:2)
  4 hobgoblins
  4 jackals (D:2)
  3 quokkas
  4 ball pythons
  3 frilled lizards
  7 kobolds
  6 rats
61 creatures vanquished.

Notes
Turn   | Place    | Note
-------+----------+-------------------------------------------
     0 | D:1      | risv the Minotaur Fighter began the quest for the Orb.
     0 | D:1      | Reached XP level 1. HP: 19/19 MP: 0/0
    63 | D:1      | Found Folyej's Antique Weapon Boutique.
   287 | D:1      | Reached XP level 2. HP: 24/27 MP: 1/1
   330 | D:1      | Found Oroasew's Armour Shoppe.
   346 | D:1      | Found Juluig's Jewellery Emporium.
   538 | D:1      | You fall into a shaft and drop 1 floor!
   616 | D:2      | Found a burning altar of Makhleb.
   694 | D:2      | Reached XP level 3. HP: 33/33 MP: 2/2
   733 | D:2      | Noticed Natasha
   744 | D:2      | Killed Natasha
   844 | D:2      | Noticed a phantom
   851 | D:2      | Reached XP level 4. HP: 35/41 MP: 3/3
   862 | D:2      | Killed a phantom
   863 | D:2      | Reached XP level 5. HP: 17/47 MP: 4/4
  1064 | D:2      | Noticed Natasha
  1077 | D:2      | Killed Natasha
  1760 | D:2      | Noticed Terence
  1766 | D:2      | Killed Terence
  1796 | D:2      | Reached skill level 5 in Fighting
  1796 | D:2      | Reached skill level 5 in Armour
  1825 | D:2      | Reached skill level 5 in Shields
  1967 | D:2      | Identified the +2 leather armour "Wiseppol" {Str+3 Dex-3}
  2338 | D:2      | Noticed Natasha
  2349 | D:2      | Slain by Natasha

Illustrated notes

Levels and vault maps discovered:
D:1:      lightli_arrival_boilingwater, layout_rooms, serial_shops, shop, shop,
          shop, dreamdust_ecumenical_altar_sealed_demon
D:2:      minmay_general_purpose_star, layout_loops_ring, basic_altar,
          kennysheep_nondescript, hangedman_decor_peaks_small, uniq_terence,
          uniq_natasha
D:3:      layout_rooms, nicolae_overflow_hidden_temple,
          nicolae_hepliaklqana_monster_ancestors

Skill      XL: |  1  2  3  4  5 |
---------------+----------------+-----
Armour         | 4 5 |  5.0
Fighting       | 4 5 |  5.0
Shields        | 4 5 |  5.0
Axes           | 3 4 |  4.2

Action                     |  1- 3 |  4- 6 || total
---------------------------+-------+-------++-------
  Melee: War axe           |    74 |    38 ||   112
         Headbutt          |     5 |    11 ||    16
         Broad axe         |       |    31 ||    31
 Armour: Scale mail        |    55 |    30 ||    85
         Leather armour    |       |     4 ||     4
  Dodge: Dodged            |    42 |    27 ||    69
  Block: Buckler           |    25 |    53 ||    78
         Reflection        |       |     5 ||     5
